Map: Protocollo centrale

Players

Mørtebianca

  • Race: Zerg Zerg
  • League: Diamond

TFTank

  • Race: Zerg Zerg

Jhyrachy

  • Race: Protoss Protoss
  • League: Bronze

Raggarlasse

  • Race: Protoss Protoss
  • League: Gold

VOD

Have the link to the VOD?

Description

Time

  • Played on: Dec. 2, 2015, 5:22 p.m.
  • Length: 14:51
Show
View Real Time Build Order
Export as new Build Order

Mørtebianca Zerg 

Build Orders: Hatch First 

Get SALT Encoding   

  12  0:01  Drone  
  13  0:08  Drone  
  14  0:19  Overlord  
  14  0:37  Drone x3  
  17  1:04  Drone  
  17  1:05  Drone  
  17  1:08  Extractor  
  17  1:11  Hatchery  
  17  1:17  Spawning Pool  
  16  1:21  Drone  
  16  1:23  Drone  
  18  1:31  Drone  
  19  1:47  Drone  
  20  1:59  Drone  
  21  2:09  Metabolic Boost  
  21  2:18  Drone  
  21  2:19  Overlord  
  22  2:26  Queen  
  22  2:28  Drone  
  25  2:32  Drone  
  26  2:38  Hatchery  
  26  2:39  Drone x2  
  27  2:49  Evolution Chamber  
  27  2:50  Zergling x4  
  28  3:01  Overlord x2  
  28  3:06  Zergling x2  
  28  3:09  Zergling x2  
  30  3:18  Zergling x2  
  31  3:32  Drone x3  
  34  3:38  Drone  
  34  3:39  Drone x2  
  34  3:40  Extractor  
  36  3:41  Hatchery  
  36  3:44  Drone  
  36  3:46  Evolution Chamber  
  35  3:54  Drone  
  35  3:55  Drone x2, Extractor  
  37  3:56  Drone  
  38  4:04  Drone x2  
  38  4:08  Queen  
  42  4:16  Zergling x4  
  42  4:17  Zergling x2  
  45  4:18  Zergling x2  
  45  4:21  Zergling x2  
  47  4:26  Zerg Melee Weapons Level 1  
  47  4:29  Extractor, Drone  
  47  4:32  Drone  
  47  4:34  Drone  
  49  4:45  Zerg Ground Armor Level 1  
  49  4:57  Pneumatized Carapace  
  49  5:02  Drone  
  49  5:03  Drone x6  
  55  5:15  Roach Warren  
  55  5:16  Lair  
  55  5:19  Drone  
  55  5:25  Drone x3  
  55  5:28  Drone  
  57  5:35  Zergling x2  
  57  5:36  Zergling x4  
  57  5:37  Zergling x2  
  53  5:54  Overlord  
  53  5:55  Roach x5  
  62  6:05  Roach  
  63  6:12  Overlord x2  
  63  6:17  Roach  
  65  6:20  Roach  
  65  6:30  Overlord x3  
  65  6:34  Glial Reconstitution  
  65  6:36  Zerg Missile Weapons Level 1, Hydralisk Den  
  63  6:46  Roach x2  
  63  6:47  Roach x4  
  75  6:53  Zerg Ground Armor Level 2  
  70  7:09  Roach x5  
  79  7:20  Roach x3  
  79  7:21  Roach x2  
  85  7:24  Roach  
  76  7:38  Roach x3  
  76  7:39  Roach  
  80  7:45  Roach  
  71  7:51  Roach  
  62  8:02  Drone  
  62  8:03  Drone x2  
  63  8:06  Drone  
  64  8:20  Drone x4  
  64  8:23  Drone  
  65  8:38  Drone x3  
  68  8:41  Drone  
  69  8:49  Drone x3  
  69  8:51  Drone  
  69  8:55  Drone x2  
  75  8:57  Drone  
  76  9:03  Zerg Missile Weapons Level 2  
  76  9:12  Hydralisk x2  
  76  9:13  Hydralisk  
  74  9:17  Hydralisk  
  74  9:18  Hydralisk  
  74  9:21  Hydralisk  
  74  9:26  Hydralisk  
  74  9:27  Hydralisk  
  70  9:33  Drone x3  
  70  9:34  Drone  
  70  9:35  Drone  
  70  9:37  Drone  
  70  9:38  Drone  
  73  9:41  Drone  
  68  9:56  Hydralisk x4  
  68  9:58  Zergling x2  
  77  10:04  Roach  
  79  10:07  Muscular Augments  
  79  10:08  Roach x2  
  79  10:09  Overseer  
  79  10:13  Roach  
  85  10:22  Queen  
  85  10:28  Hatchery  
  86  10:29  Queen  
  86  10:31  Roach  
  86  10:32  Overlord x2  
  90  10:42  Extractor, Overlord x3  
  89  10:56  Roach x6  
  103  10:57  Roach  
  102  11:08  Roach  
  102  11:09  Roach x4  
  114  11:11  Roach  
  114  11:14  Burrow  
  114  11:20  Hydralisk x2  
  118  11:29  Infestation Pit  
  107  11:40  Hydralisk x6  
  111  11:55  Hydralisk x5  
  119  12:05  Drone x3  
  120  12:12  Drone  
  120  12:13  Drone x3, Hydralisk x2  
  126  12:23  Zergling x2  
  126  12:24  Zergling x2  
  126  12:27  Overlord  
  126  12:28  Overlord  
  128  12:36  Overlord  
  128  12:37  Overlord x2  
  128  12:45  Extractor, Queen  
  128  12:49  Hydralisk x5  
  139  13:03  Zergling x8  
  139  13:04  Zergling x12  
  149  13:12  Zergling x10  
  154  13:32  Zergling x18  
  154  13:33  Zergling x4  
  165  14:46  Extractor  
  165  14:48  Extractor  
Show
View Real Time Build Order
Export as new Build Order

TFTank Zerg 

Build Orders:  

Get SALT Encoding   

  12  0:01  Probe (Chrono Boost)  
  13  0:11  Probe (Chrono Boost)  
  14  0:22  Probe (Chrono Boost), Pylon  
  15  0:33  Assimilator  
  15  0:41  Probe (Chrono Boost)  
  16  0:45  Gateway  
  16  0:51  Probe (Chrono Boost)  
  17  0:57  Pylon  
  17  1:02  Probe (Chrono Boost)  
  18  1:16  Probe (Chrono Boost)  
  19  1:26  Probe (Chrono Boost)  
  20  1:35  Cybernetics Core  
  20  1:37  Probe (Chrono Boost)  
  21  1:42  Pylon  
  21  1:57  Warp Gate  
  20  2:02  Nexus  
  20  2:14  Zealot  
  23  2:15  Probe (Chrono Boost)  
  23  2:19  Assimilator  
  23  2:29  Mothership Core (Chrono Boost)  
  25  2:53  Gateway  
  25  2:56  Gateway  
  25  2:57  Gateway  
  25  3:05  Probe (Chrono Boost)  
  26  3:17  Probe x2 (Chrono Boost)  
  28  3:27  Probe (Chrono Boost)  
  28  3:28  Twilight Council  
  28  3:29  Probe (Chrono Boost)  
  30  3:38  Probe (Chrono Boost)  
  32  3:48  Probe (Chrono Boost)  
  32  3:49  Probe (Chrono Boost)  
  33  3:59  Probe (Chrono Boost), Stalker x2  
  33  4:00  Probe (Chrono Boost)  
  33  4:02  Stalker  
  41  4:10  Blink (Chrono Boost)  
  41  4:13  Probe x2  
  43  4:20  Stalker  
  45  4:24  Assimilator  
  45  4:26  Probe  
  45  4:27  Probe  
  47  4:38  Zealot  
  47  4:39  Zealot x2  
  48  4:51  Sentry  
  47  5:06  Stalker  
  47  5:07  Stalker x2  
  53  5:14  Probe  
  54  5:26  Pylon  
  54  5:28  Pylon  
  54  5:31  Pylon  
  54  5:37  Pylon  
  54  5:40  Pylon  
  54  5:43  Probe  
  54  5:44  Probe, Pylon  
  55  5:53  Probe  
  55  5:54  Probe  
  57  6:04  Probe  
  57  6:05  Probe  
  57  6:08  Stalker  
  61  6:11  Zealot x3  
  61  6:14  Probe  
  61  6:16  Assimilator  
  68  6:21  Pylon  
  68  6:22  Probe  
  68  6:25  Probe  
  70  6:35  Stalker  
  72  6:40  Stalker  
  72  6:42  Zealot x2  
  70  7:01  Stalker  
  68  7:17  Stalker  
  68  7:18  Zealot x2  
  74  7:24  Probe  
  75  7:34  Probe  
  74  7:43  Probe  
  70  7:45  Probe  
  65  7:53  Probe  
  65  7:55  Probe  
  65  7:56  Stalker x2  
  65  7:58  Zealot x2  
  53  8:18  Probe x2  
  55  8:23  Stalker  
  55  8:25  Zealot x3  
  59  8:28  Probe x2  
  57  8:39  Probe x2  
  59  8:47  Stalker x2  
  59  8:48  Stalker  
  63  8:49  Probe  
  63  8:52  Mothership Core  
  66  8:59  Stalker  
  64  9:11  Stalker x3  
  54  9:25  Stalker  
  52  9:35  Stalker x3  
  55  10:07  Stalker x4  
  63  10:18  Nexus  
  63  10:32  Stalker x3  
  63  10:33  Stalker  
  71  10:56  Probe  
  71  11:00  Stalker x4  
  80  11:07  Probe  
  81  11:23  Adept  
  81  11:24  Adept  
  81  11:25  Gateway  
  85  11:27  Gateway  
  85  11:28  Gateway  
  85  11:31  Gateway  
  75  11:41  Stalker x2  
  61  11:53  Stalker x2  
  41  12:21  Stalker  
  3  13:27  Nexus  
  3  13:34  Pylon  
  2  13:41  Pylon  
  2  13:47  Nexus  
  2  13:57  Pylon  
  2  14:02  Pylon  
  1  14:33  Pylon  
Show
View Real Time Build Order
Export as new Build Order

Jhyrachy Protoss 

Build Orders:  

Get SALT Encoding   

Show
View Real Time Build Order
Export as new Build Order

Raggarlasse Protoss 

Build Orders:  

Get SALT Encoding   

Tags
 
Add a new tag
Caveats
  • Supply blocks, unpowered buildings, or Contaminate may cause inaccurate times.
  • Supply counts are checked every 10 seconds.